 Dungeon Crawl Stone Soup version 0.21.1-1-g345015fe64 (webtiles) character file.

457 Mrkan the Cudgeler (level 7, -2/44 HPs)
             Began as a Gargoyle Fighter on May 10, 2018.
             Slain by an orc
             ... wielding a +0 flail
              (6 damage)
             ... on level 3 of the Dungeon.
             The game lasted 00:05:43 (3059 turns).

Mrkan the Cudgeler (Gargoyle Fighter)               Turns: 3059, Time: 00:05:44

Health: -2/44      AC: 14    Str: 24    XL:     7   Next: 6%
Magic:  7/7        EV:  7    Int:  9    God:
Gold:   148        SH:  9    Dex: 11    Spells: 6/6 levels left

rFire    . . .     SeeInvis .   a - +0 flail
rCold    . . .     Gourm    .   c - +0 shield
rNeg     + . .     Faith    .   b - +0 scale mail
rPois    ∞         Spirit   .   (no helmet)
rElec    +         Reflect  .   (no cloak)
rCorr    .         Harm     .   (no gloves)
MR       .....                  j - +2 pair of boots {Fly}
Stlth    ..........             (no amulet)
HPRegen  0.14/turn              (no ring)
MPRegen  0.10/turn              (no ring)

@: mighty, flying
A: negative energy resistance 1, electricity resistance, unbreathing,
petrification resistance, rot immunity, AC +4
a: Stop Flying


You were on level 3 of the Dungeon.
You were not hungry.

You visited 1 branch of the dungeon, and saw 3 of its levels.
You also visited: Sewer.

You collected 148 gold pieces.

Inventory:

Hand Weapons
 a - a +0 flail (weapon)
Armour
 b - a +0 scale mail (worn)
 c - a +0 shield (worn)
 j - a +2 pair of boots of flying (worn)
Jewellery
 e - a cursed -3 ring of protection {unknown}
Wands
 w - a wand of acid (8)
Scrolls
 h - a scroll of enchant armour
 i - a scroll of magic mapping
 o - 2 scrolls of immolation
 q - a scroll of remove curse {unknown}
 r - 3 scrolls of teleportation {unknown}
 t - a scroll of blinking {unknown}
 x - a scroll of identify
Potions
 g - 2 potions of curing {unknown}
 k - a potion of ambrosia {unknown}
 l - 8 potions of brilliance {unknown}
 m - a potion of agility {unknown}
 n - a potion of heal wounds {unknown}
 p - 5 potions of flight {unknown}
 s - a potion of degeneration {unknown}
 u - a potion of magic {unknown}
 v - a potion of lignification {unknown}
Comestibles
 f - 5 rations
 z - 7 chunks of flesh


   Skills:
 + Level 5.5 Fighting
 * Level 6.1 Maces & Flails
 - Level 3.2 Armour
 - Level 3.2 Shields


You had 6 spell levels left.
You didn't know any spells.

Dungeon Overview and Level Annotations

Branches:
Dungeon (3/15)

Altars:
Hepliaklqana


Innate Abilities, Weirdness & Mutations

You are resistant to torment.
Your stone body is resilient. (AC +4)
You are immune to poison.
You resist negative energy. (rN+)
You are resistant to electric shocks. (rElec)
You can survive without breathing.
You are immune to petrification.
You are immune to rotting.


Message History

The orc wizard is severely wounded.
The orc wizard hits you but does no damage.
You block the adder's attack. The orc hits you with a flail.
* * * LOW HITPOINT WARNING * * *
You block the orc wizard's attack. The adder barely misses you.
You closely miss the orc wizard.
The orc wizard is severely wounded.
The orc wizard hits you but does no damage.
The orc hits you but does no damage. You block the adder's attack.
You hit the orc wizard.
The orc wizard is almost dead.
The orc wizard gestures at you while chanting.
You block the puff of frost. The adder bites you but does no damage.
The orc barely misses you. You block the orc wizard's attack.
You block the adder's attack.
You sock the orc wizard!
You kill the orc wizard!
You have reached level 7!
The orc hits you with a flail.
You die...

# #.##.#. #. #.###.#
#.#### #.# ###
#...!### #.# ##
##...(.# #.#
...##.#.#.########.#
#.....o...........#
####.#S#†###.######
#.)@..# #.# ###o###
### #.# #.# ..# ..#
..# ...#


You could see an adder and 2 orcs.

Vanquished Creatures
  Sigmund (D:2)
  Purgy (Sewer)
  The ghost of SomePerson the Magician, an amateur TeWz (D:3)
  An orc priest (D:3)
  An orc wizard (D:3)
  3 adders
  A worm (D:3)
  3 orcs (D:3)
  6 ball pythons
  9 bats
  5 giant cockroaches
  4 hobgoblins
  2 jackals (D:1)
  A quokka (D:3)
  7 frilled lizards
  6 goblins
  4 kobolds
  2 rats (D:2)
58 creatures vanquished.

Vanquished Creatures (others)
  A hobgoblin (D:3)
1 creature vanquished.

Grand Total: 59 creatures vanquished

Notes
Turn   | Place    | Note
-------+----------+-------------------------------------------
     0 | D:1      | Mrkan the Gargoyle Fighter began the quest for the Orb.
     0 | D:1      | Reached XP level 1. HP: 14/14 MP: 1/1
   127 | D:1      | Reached XP level 2. HP: 15/19 MP: 2/2
   546 | D:1      | Reached skill level 3 in Maces & Flails
   573 | D:1      | Reached XP level 3. HP: 24/24 MP: 3/3
  1391 | D:2      | Noticed Sigmund
  1400 | D:2      | Killed Sigmund
  1400 | D:2      | Reached skill level 4 in Maces & Flails
  1400 | D:2      | Reached XP level 4. HP: 11/30 MP: 4/4
  1400 | D:2      | Reached XP level 5. HP: 12/34 MP: 5/5
  1842 | D:2      | Found a hazy altar of Hepliaklqana.
  2061 | D:3      | Noticed SomePerson's ghost (amateur TeWz)
  2082 | D:3      | Killed SomePerson's ghost
  2082 | D:3      | Reached skill level 5 in Fighting
  2082 | D:3      | Reached skill level 5 in Maces & Flails
  2082 | D:3      | Reached XP level 6. HP: 23/40 MP: 6/6
  2326 | D:3      | Found a glowing drain.
  2353 | Sewer    | Entered a sewer
  2400 | Sewer    | Noticed Purgy
  2460 | Sewer    | Killed Purgy
  3049 | D:3      | Reached skill level 6 in Maces & Flails
  3059 | D:3      | Reached XP level 7. HP: 3/44 MP: 7/7
  3059 | D:3      | Slain by an orc

Skill      XL: |  1  2  3  4  5  6 |
---------------+-------------------+-----
Maces & Flails | 3 4 5 6 |  6.1
Fighting       | 4 5 |  5.5
Armour         | |  3.2
Shields        | |  3.2

Action                   |  1- 3 |  4- 6 |  7- 9 || total
-------------------------+-------+-------+-------++-------
Melee: Flail             |   137 |   145 |       ||   282
  Use: Potion            |     1 |     2 |       ||     3
       Scroll            |       |     4 |       ||     4
  Eat: Chunk             |     2 |     5 |       ||     7
Armor: Scale mail        |   124 |   187 |       ||   311
Dodge: Dodged            |    59 |    67 |       ||   126
Block: Shield            |   106 |   118 |       ||   224
